 Dungeon Sprint DCSS version 0.24-a0-640-ge7cd8ce796 (webtiles) character file.

Game seed: 16922843288567324049, levelgen mode: deterministic

1792 FMitz the Quickloader (level 8, -4/78 HPs)
             Began as a Centaur Hunter on Sept 25, 2019.
             Was a Follower of Makhleb.
             Slain by a demonic crawler (10 damage)
             ... in the Dungeon (Sprint I: "Red Sonja").
             The game lasted 00:14:27 (1267 turns).

FMitz the Quickloader (Centaur Hunter)              Turns: 1267, Time: 00:14:27

Health: -4/78      AC:  5    Str: 14    XL:     8   Next: 82%
Magic:  8/8        EV: 16    Int: 10    God:    Makhleb [*.....]
Gold:   678        SH:  0    Dex: 13    Spells: 7/7 levels left

rFire    + . .     SeeInvis .   a - +1 hand crossbow
rCold    + . .     Gourm    .   (no shield)
rNeg     . . .     Faith    .   c - +0 leather armour
rPois    +         Spirit   .   (no helmet)
rElec    +         Reflect  .   (no cloak)
rCorr    +         Harm     .   (no gloves)
MR       .....     NoTele   +   (no barding)
Stlth    +.........             (no amulet)
HPRegen  0.23/turn              l - +3 ring of evasion
MPRegen  0.11/turn              (no ring)

@: resistant, hasted, very quick
A: large, hooves 3, deformed body, speed 2, tough skin 3
a: Renounce Religion


You were in the Dungeon.
You worshipped Makhleb.
Makhleb was aware of your devotion.
You were hungry.

You visited 1 branch You collected 731 gold pieces.
You spent 53 gold pieces at shops.

Inventory:

Hand Weapons
 a - a +1 hand crossbow (weapon)
 b - a +0 short sword
 n - a +1 dagger of distortion
Armour
 c - a +0 leather armour (worn)
Jewellery
 l - a +3 ring of evasion (left hand)
Wands
 e - a wand of flame (9)
 g - a wand of paralysis (3)
Scrolls
 k - a scroll of blinking
 m - a scroll of identify {unknown}
Potions
 i - 2 potions of magic
Comestibles
 f - a ration


   Skills:
 - Level 9.3 Fighting
 + Level 14.2 Crossbows
 - Level 4.0 Throwing
 - Level 4.0 Armour
 + Level 7.9 Dodging
 - Level 0.4 Stealth


You had 7 spell levels left.
You didn't know any spells.
Your spell library was empty.

Dungeon Overview and Level Annotations

Branches:
Dungeon (1/1)

Altars:
Cheibriados
Dithmenos
Elyvilon
Fedhas
Gozag
Hepliaklqana
Kikubaaqudgha
Makhleb
Nemelex Xobeh
Okawaru
Qazlal
Ru
Sif Muna
Trog
Uskayaw
Vehumet
Wu Jian
Xom
Yredelemnul
Zin
The Shining One
Jiyva
Lugonu

Shops:
D *


Innate Abilities, Weirdness & Mutations

You have hooves in place of feet.
Armour fits poorly on your strangely shaped body.
You cover ground very quickly.
You have extremely tough skin. (AC +3)


Message History

Evoke which item? (* to show all) (? for menu, Esc to quit)
Aiming: Paralyse
Press: ? - help, Shift-Dir - straight line, f/p - demonic crawler
Aim: a demonic crawler (clinging, chance to defeat MR: 1%) Marked for pickup.
The demonic crawler resists with almost no effort.
There is an open door here.
There is an open door here.
The demonic crawler hits you but does no damage.
The demonic crawler closely misses you. The demonic crawler hits you.
* * * LOW HITPOINT WARNING * * *
You feel yourself speed up.
It was a potion of resistance.
You feel protected. The demonic crawler closely misses you.
The demonic crawler hits you.
* * * LOW HITPOINT WARNING * * *
The demonic crawler barely misses you.
You clumsily bash the demonic crawler but do no damage.
The demonic crawler hits you!
You die...

###################
#<.#..'..#.s(..#__#
#.ssss#..)).#..'..(
#.@#####'#####'#__#
#..####..#...#.####
#..#__####..##.#
#).#_____##'#_.+
#⌠⌠#_.∩...'..._#
####_..__##_.#'#
#_____###'#.#
#########.###
......+...+


You could see 4 demonic crawlers.

Vanquished Creatures
  Sonja (D)
  2 kobold demonologists (D)
  A slime creature (D)
  Sigmund (D)
  A yak (D)
  A floating eye (D)
  An ogre (D)
  Ijyb (D)
  A jelly (D)
  4 ballistomycetes (D)
14 creatures vanquished.

Vanquished Creatures (others)
  A gargoyle (D)
  2 ballistomycete spores (D)
3 creatures vanquished.

Grand Total: 17 creatures vanquished

Notes
Turn   | Place    | Note
-------+----------+-------------------------------------------
     0 | D        | FMitz the Centaur Hunter began the quest for the Orb.
     0 | D        | Reached XP level 1. HP: 17/17 MP: 1/1
     2 | D        | Noticed Ijyb
    37 | D        | Killed Ijyb
    37 | D        | Reached skill level 6 in Crossbows
    37 | D        | Reached skill level 1 in Armour
    37 | D        | Reached XP level 2. HP: 16/26 MP: 2/2
   170 | D        | Noticed an ogre
   181 | D        | Killed an ogre
   181 | D        | Reached skill level 7 in Crossbows
   181 | D        | Reached XP level 3. HP: 34/34 MP: 3/3
   181 | D        | Reached XP level 4. HP: 41/41 MP: 4/4
   203 | D        | Noticed Sigmund
   207 | D        | Killed Sigmund
   207 | D        | Reached skill level 5 in Fighting
   207 | D        | Reached skill level 9 in Crossbows
   207 | D        | Reached XP level 5. HP: 27/50 MP: 5/5
   268 | D        | Killed a gargoyle
   364 | D        | Found an ornate altar of the Wu Jian Council.
   364 | D        | Found a shimmering blue altar of Sif Muna.
   380 | D        | Reached skill level 10 in Crossbows
   380 | D        | Reached XP level 6. HP: 57/57 MP: 6/6
   382 | D        | Found a radiant altar of Vehumet.
   407 | D        | Found Nenav's Assorted Antiques.
   407 | D        | Found an ancient bone altar of Kikubaaqudgha.
   407 | D        | Found a hazy altar of Hepliaklqana.
   407 | D        | Found a hide-covered altar of Uskayaw.
   407 | D        | Found a basalt altar of Yredelemnul.
   407 | D        | Found an opulent altar of Gozag.
   407 | D        | Found a snail-covered altar of Cheibriados.
   407 | D        | Found a sacrificial altar of Ru.
   407 | D        | Found a shadowy altar of Dithmenos.
   407 | D        | Noticed a yak
   408 | D        | Found a stormy altar of Qazlal.
   408 | D        | Found a blossoming altar of Fedhas.
   408 | D        | Found a bloodstained altar of Trog.
   408 | D        | Found an iron altar of Okawaru.
   408 | D        | Found a glowing silver altar of Zin.
   459 | D        | Killed a yak
   459 | D        | Reached skill level 11 in Crossbows
   459 | D        | Reached skill level 5 in Dodging
   540 | D        | Found a glowing golden altar of the Shining One.
   540 | D        | Found a white marble altar of Elyvilon.
   542 | D        | Found a sparkling altar of Nemelex Xobeh.
   547 | D        | Bought a scroll labeled OSHRIR OM VEMN for 28 gold pieces
   569 | D        | Found a burning altar of Makhleb.
   569 | D        | Found a viscous altar of Jiyva.
   569 | D        | Found a shimmering altar of Xom.
   569 | D        | Found a corrupted altar of Lugonu.
   569 | D        | Noticed a slime creature
   594 | D        | Killed a slime creature
   594 | D        | Reached skill level 12 in Crossbows
   594 | D        | Reached XP level 7. HP: 49/66 MP: 7/7
   619 | D        | Became a worshipper of Makhleb the Destroyer
   702 | D        | Noticed Sonja
   713 | D        | Killed Sonja
   713 | D        | Reached skill level 13 in Crossbows
   713 | D        | Reached XP level 8. HP: 50/77 MP: 8/8
   930 | D        | Bought a lumpy ruby potion for 25 gold pieces
  1088 | D        | Noticed a kobold demonologist
  1091 | D        | Noticed a kobold demonologist
  1094 | D        | Paralysed by a floating eye for 2 turns
  1098 | D        | Paralysed by a floating eye for 2 turns
  1101 | D        | Paralysed by a floating eye for 3 turns
  1105 | D        | Noticed a smoke demon
  1106 | D        | Paralysed by a floating eye for 2 turns
  1112 | D        | Killed a kobold demonologist
  1114 | D        | Noticed a demonic crawler
  1114 | D        | Noticed a demonic crawler
  1114 | D        | Paralysed by a floating eye for 2 turns
  1136 | D        | Paralysed by a floating eye for 3 turns
  1142 | D        | Paralysed by a floating eye for 2 turns
  1150 | D        | Noticed a hellwing
  1151 | D        | Paralysed by a floating eye for 4 turns
  1156 | D        | Noticed a rust devil
  1159 | D        | Killed a kobold demonologist
  1159 | D        | Reached * piety under Makhleb
  1159 | D        | Reached skill level 14 in Crossbows
  1237 | D        | Noticed a demonic crawler
  1238 | D        | Noticed a demonic crawler
  1267 | D        | Slain by a demonic crawler

Levels and vault maps discovered:
D:        dungeon_sprint_1 [red_sonja_temple_1, red_sonja_temple_small_1]

Skill      XL: |  1  2  3  4  5  6  7  8 |
---------------+-------------------------+-----
Fighting       | 3 4 5 6 7 8 9 |  9.3
Crossbows      | 6 7 9 10 12 13 14 | 14.2
Armour         | 1 2 4 |  4.0
Dodging        | 2 3 4 5 6 7 |  7.9
Throwing       | 4 |  4.0
Stealth        | |  0.4

Action                   |  1- 3 |  4- 6 |  7- 9 || total
-------------------------+-------+-------+-------++-------
Melee: Hand crossbow     |       |       |    17 ||    17
       Kick              |       |       |     1 ||     1
 Fire: Hand crossbow     |    19 |    30 |    33 ||    82
Throw: Dart              |       |       |    15 ||    15
Evoke: Wand              |       |       |     1 ||     1
  Use: Potion            |     1 |       |     8 ||     9
Armor: Leather armour    |     2 |       |    27 ||    29
Dodge: Dodged            |     8 |     5 |    46 ||    59

Table legend:
 A = Non-vault XP
 B = Vault XP
 C = Vault XP percentage of total XP
 D = Non-vault monster count
 E = Vault monster count
 F = Vault count percentage of total count
                 A         B        C        D         E       F
            +---------+---------+-------+---------+---------+-------
      Total |       0 |    2561 | 100.0 |       0 |      10 | 100.0
            +---------+---------+-------+---------+---------+-------
          D |       0 |    2561 | 100.0 |       0 |      10 | 100.0
            +---------+---------+-------+---------+---------+-------
